 Dungeon Crawl Stone Soup version 0.30.0-5-g1a98f26d00 (webtiles) character file.

Game seed: 5025795157542536862

371 Gabide the Ruffian (level 6, -4/47 HPs)
             Began as a Mummy Monk on May 10, 2023.
             Slain by an ogre
             ... wielding a +0 giant club
              (24 damage)
             ... on level 4 of the Dungeon.
             The game lasted 00:04:05 (3827 turns).

Gabide the Ruffian (Mummy Monk)                     Turns: 3827, Time: 00:04:05

Health: -4/47      AC: 11    Str: 17    XL:     6   Next: 42%
Magic:  6/6        EV: 11    Int:  9    God:
Gold:   6          SH:  0    Dex: 14    Spells: 5/5 levels left

rFire   x .          .
                       - Unarmed
rCold   + . .        b - orb {light}
rNeg    + + +        g - +1 ring mail
rPois   ∞            d - +2 helmet
rElec   .            i - +1 cloak
rCorr   .            (no gloves)
SInv    .            (no boots)
Will    .....        (no amulet)
Stlth   +            (no ring)
HPRegen 0.27/turn    (no ring)
MPRegen 0.10/turn

%: faith
@: glowing
A: cold resistance 1, negative energy resistance 3, torment resistance 2, heat
vulnerability 1, in touch with death 1, no potions, faith
a: no special abilities


You were on level 4 of the Dungeon.
You visited 1 branch of the dungeon, and saw 4 of its levels.
You also visited: Sewer.

You collected 99 gold pieces.
You spent 93 gold pieces at shops.

Inventory:

Armour
 b - an orb of light (worn)
 d - a +2 helmet (worn)
 g - a +1 ring mail (worn)
 i - a +1 cloak (worn)
Wands
 a - a wand of charming (5)
 f - a wand of polymorph (4)
Scrolls
 c - a scroll of butterflies {unknown}
 e - a scroll of poison {unknown}
 h - a scroll of identify
 j - a scroll of teleportation


   Skills:
 - Level 3.0 Fighting
 - Level 2.4 Dodging
 + Level 6.1 Unarmed Combat


You had 5 spell levels left.
You didn't know any spells.
Your spell library contained the following spells:

 Spells                   Type           Power      Damage    Failure   Level
 Sandblast                Erth           0%         2d4       58%         1
 Passwall                 Tmut/Erth      0%         N/A       75%         2
 Stone Arrow              Conj/Erth      0%         3d7       92%         3


Dungeon Overview and Level Annotations

Branches:
Dungeon (4/15)              Sewer (visited)
 Temple: D:4-7

Altars:

Shops:
D:4 *:


Innate Abilities, Weirdness & Mutations

You are immune to poison.
Your flesh is cold resistant. (rC+)
You are immune to negative energy. (rN+++)
You are immune to unholy pain and torment.
You are vulnerable to heat. (rF-)
You are in touch with the powers of death.
You do not drink.
You have a special connection with the divine. (Faith)


Message History

You kill the hound!
No target in view!
No target in view!
There is an entrance to Madop's Book Boutique here.
You see here a hound corpse.
An ogre comes into view. It is wielding a +0 giant club.
Found 17 gold pieces.
The ogre shouts!
An ogre is nearby!
Found 13 gold pieces.
Found a rapier.
The ogre hits you with a +0 giant club!
You punch the ogre!
The ogre is moderately wounded.
You punch the ogre!
The ogre is severely wounded.
The ogre hits you with a +0 giant club!
A jelly comes into view.
You are too injured to fight recklessly!
You are too injured to fight recklessly!
You are too injured to fight recklessly!
You are too injured to fight recklessly!
You are too injured to fight recklessly!
You are too injured to fight recklessly!
You are too injured to fight recklessly!
You are too injured to fight recklessly!
You are too injured to fight recklessly!
You are too injured to fight recklessly!
You are too injured to fight recklessly!
You are too injured to fight recklessly!
You are too injured to fight recklessly!
You are too injured to fight recklessly!
You are too injured to fight recklessly!
You are too injured to fight recklessly!
You are too injured to fight recklessly!
You are too injured to fight recklessly!
The ogre attacks as you move away!
The ogre hits you with a +0 giant club!!
Ouch! That really hurt!
You die...

.∩......##.....#....).....
.....##..#.....##......#.###
....###..............$.....
#...##.....#..#..........####
#<.........##.#.#............
#.....###..##...#..#.....####
###..#...#......##.#.........
##.#.∩.#......##.#.........
#.#...#....#.@O.........##
#..###...#............$...
### ######....#........##
#....#......### ##.#...##..##
####..# .... ###. ....# ..
...#


You could see an ogre.

Vanquished Creatures
  2 bullfrogs (Sewer)
  Crazy Yiuf (D:3)
  A hound (D:4)
  Jessica (D:2)
  3 gnolls (D:2)
  6 adders
  An ufetubus (D:4)
  A dart slug (D:3)
  5 orcs (D:3)
  9 ball pythons
  4 endoplasms
  5 giant cockroaches
  4 goblins
  3 hobgoblins
  7 quokkas
  5 bats
  10 frilled lizards
  5 kobolds
  6 rats
79 creatures vanquished.

Notes
Turn   | Place    | Note
-------+----------+-------------------------------------------
     0 | D:1      | Gabide the Mummy Monk began the quest for the Orb.
     0 | D:1      | Reached XP level 1. HP: 18/18 MP: 1/1
   250 | D:1      | Reached XP level 2. HP: 24/24 MP: 2/2
   289 | D:1      | Reached skill level 3 in Unarmed Combat
   945 | D:2      | Noticed Jessica
   952 | D:2      | Killed Jessica
   953 | D:2      | Gained mutation: You are in touch with the powers of death.
                  | [Mummy growth]
   953 | D:2      | Reached XP level 3. HP: 22/29 MP: 3/3
  1148 | D:2      | Reached skill level 4 in Unarmed Combat
  1148 | D:2      | Reached XP level 4. HP: 18/35 MP: 4/4
  2040 | D:3      | Found a glowing drain.
  2044 | Sewer    | Entered a sewer
  2091 | Sewer    | Reached XP level 5. HP: 39/41 MP: 5/5
  2542 | Sewer    | Reached skill level 5 in Unarmed Combat
  2612 | Sewer    | Reached XP level 6. HP: 15/47 MP: 6/6
  3362 | D:3      | Found a runed translucent door.
  3363 | D:3      | Noticed Crazy Yiuf
  3603 | D:3      | Killed Crazy Yiuf
  3754 | D:4      | Reached skill level 6 in Unarmed Combat
  3775 | D:4      | Found Vosaph's Assorted Antiques.
  3783 | D:4      | Found Madop's Book Boutique.
  3784 | D:4      | Bought a scroll of teleportation for 93 gold pieces
  3827 | D:4      | Slain by an ogre

Illustrated notes

Levels and vault maps discovered:
D:1:      dpeg_arrival_orchard, layout_loops_corners
D:2:      layout_loops_ring, minivault_23, uniq_jessica
D:3:      layout_basic, gup_sewer_entry_bowl, uniq_crazy_yiuf_cottage
D:4:      layout_cave_pools, nicolae_elyvilon_peaceful_grove, serial_shops,
          shop, nicolae_book_shop_shelving, nicolae_shop_pleasant_corner_grove,
          shop, minmay_misc_feat_rows, bh_walls_and_bars

Skill      XL: |  1  2  3  4  5  6 |
---------------+-------------------+-----
Unarmed Combat | 3 4 5 6 |  6.1
Fighting       | |  3.0
Dodging        | |  2.4

Action                     |  1- 3 |  4- 6 || total
---------------------------+-------+-------++-------
  Melee: Unarmed           |    75 |   175 ||   250
    Use: Scroll            |       |     5 ||     5
 Armour: Robe              |     6 |       ||     6
         Ring mail         |     6 |    52 ||    58
  Dodge: Dodged            |    40 |   100 ||   140
